 Dungeon Crawl Stone Soup version 0.21-a0-29-g43b3074 (webtiles) character file.

1216 tof the Twirler (level 8, -8/68 HPs)
             Began as a Minotaur Gladiator on May 26, 2017.
             Mangled by Duvessa
             ... wielding a +0 short sword
              (17 damage)
             ... on level 5 of the Dungeon.
             The game lasted 00:08:22 (4282 turns).

tof the Twirler (Minotaur Gladiator)                Turns: 4282, Time: 00:08:22

Health: -8/68      AC: 10    Str: 18    XL:     8   Next: 22%
Magic:  7/7        EV: 12    Int:  8    God:
Gold:   223        SH:  0    Dex: 15    Spells: 7/7 levels left

rFire    . . .     SeeInvis +   a - +0 quarterstaff
rCold    . . .     Gourm    .   (shield currently unavailable)
rNeg     . . .     Faith    .   p - +3 scale mail {MR+}
rPois    .         Spirit   .   c - +0 hat
rElec    .         Reflect  .   (no cloak)
rCorr    .         Harm     .   (no gloves)
MR       +....                  (no boots)
Stlth    ..........             (no amulet)
Regen    0.3/turn               l - ring of see invisible
MPRegen  0.1/turn               r - +3 ring of intelligence

@: drained
A: retaliatory headbutt, horns 2
a: no special abilities


You were on level 5 of the Dungeon.
You were not hungry.

You visited 1 branch of the dungeon, and saw 6 of its levels.

You collected 223 gold pieces.

Inventory:

Hand Weapons
 a - a +0 quarterstaff (weapon)
Missiles
 d - 4 throwing nets
 q - 8 tomahawks (quivered)
Armour
 c - a +0 hat (worn)
 p - a +3 scale mail of magic resistance (worn)
Jewellery
 l - a ring of see invisible (left hand)
 r - a +3 ring of intelligence (right hand)
Wands
 n - a wand of polymorph (1/24)
 v - a wand of scattershot (7/9)
Scrolls
 g - 2 scrolls of enchant armour {unknown}
 h - 5 scrolls of remove curse {unknown}
 i - 2 scrolls of teleportation {unknown}
 k - 7 scrolls of identify {unknown}
 s - a scroll of noise {unknown}
 u - a scroll of amnesia {unknown}
Potions
 e - 2 potions of cancellation {unknown}
 m - a potion of curing {unknown}
 o - 2 potions of magic {unknown}
 w - a potion of brilliance {unknown}
 x - 2 potions of heal wounds {unknown}
 z - a potion of resistance {unknown}
Books
 b - a book of Misfortune

   Spells                             Type                      Level
   a - Confusing Touch                Hexes                        1
   b - Confuse                        Hexes                        3
   c - Gell's Gravitas                Translocation                3
   d - Petrify                        Transmutation/Earth          4
   e - Metabolic Englaciation         Hexes/Ice                    5
   f - Yara's Violent Unravelling     Hexes/Transmutation          5
Comestibles
 f - 2 bread rations
 j - 2 royal jellies
 t - 2 meat rations
 A - 3 chunks of flesh


   Skills:
 + Level 5.1(5.0) Fighting
 * Level 7.4(7.2) Staves
 + Level 4.2(4.0) Throwing
 * Level 6.0(5.8) Armour
 + Level 5.0(4.8) Dodging


You had 7 spell levels left.
You didn't know any spells.

Dungeon Overview and Level Annotations

Branches:
Dungeon (6/15)
 Temple: D:4-7

Altars:
Fedhas
Makhleb
Qazlal
Ru
Vehumet
The Shining One

Annotations:
D:5 Duvessa; MirrMurr's ghost, novice DsGl


Innate Abilities, Weirdness & Mutations

You reflexively headbutt those who attack you in melee.
You have a pair of horns on your head.


Message History

* * * LOW HITPOINT WARNING * * *
Duvessa misses you. You furiously retaliate!
You headbutt Duvessa.
There is a stone staircase leading up here.
Duvessa hits you but does no damage.
You climb upwards.
Level annotation: MirrMurr's ghost, novice DsGl
There is a stone staircase leading down here.
Duvessa rages.
Duvessa barely misses you.
Duvessa rages.
Duvessa hits you with a short sword!
* * * LOW HITPOINT WARNING * * *
Duvessa rages.
Duvessa hits you but does no damage.
Duvessa rages.
Duvessa hits you but does no damage. Duvessa barely misses you.
Duvessa rages.
Duvessa hits you with a short sword!
You die...

###########
#.e@......#
#.#######.#
#.# #.# #.#
#.# #.# #.#
#W# #.# #.#
#.# #####.#
##.##
...#.#
##.#.##


You could see Duvessa (berserk).

Vanquished Creatures
  Grinder (D:3)
  Eustachio (D:6)
  Purgy (D:3)
  A phantom (D:4)
  A bullfrog (D:6)
  2 scorpions (D:4)
  Dowan (D:6)
  2 hounds (D:4)
  5 orc priests
  Jessica (D:2)
  A centaur skeleton (D:4)
  Terence (D:3)
  An iguana (D:4)
  An orc wizard (D:4)
  A worker ant (D:4)
  5 adders
  2 adder skeletons (D:4)
  3 worms
  3 dart slugs
  3 leopard geckos
  5 orcs
  10 bats
  6 giant cockroaches
  4 goblins
  8 hobgoblins
  5 jackals
  2 quokkas
  A ball python (D:2)
  5 frilled lizards
  2 kobolds
  10 rats
95 creatures vanquished.

Notes
Turn   | Place    | Note
-------+----------+-------------------------------------------
     0 | D:1      | tof the Minotaur Gladiator began the quest for the Orb.
     0 | D:1      | Reached XP level 1. HP: 18/18 MP: 0/0
    93 | D:1      | Reached XP level 2. HP: 7/25 MP: 1/1
   746 | D:1      | Reached skill level 1 in Armour
   911 | D:2      | Reached XP level 3. HP: 29/31 MP: 2/2
   974 | D:2      | Noticed Jessica
   979 | D:2      | Killed Jessica
   979 | D:2      | Reached skill level 4 in Staves
  1129 | D:2      | Found a sacrificial altar of Ru.
  1146 | D:2      | Reached XP level 4. HP: 36/38 MP: 3/3
  1456 | D:2      | Found a radiant altar of Vehumet.
  1461 | D:2      | Found a stormy altar of Qazlal.
  1494 | D:2      | Found a burning altar of Makhleb.
  1494 | D:2      | Found a glowing golden altar of the Shining One.
  1597 | D:3      | Noticed Terence
  1610 | D:3      | Killed Terence
  1610 | D:3      | Reached XP level 5. HP: 36/45 MP: 4/4
  1691 | D:3      | Noticed Grinder
  1706 | D:3      | Paralysed by Grinder for 6 turns
  1712 | D:3      | Killed Grinder
  1712 | D:3      | Reached skill level 5 in Staves
  1712 | D:3      | Reached XP level 6. HP: 28/52 MP: 5/5
  1982 | D:3      | Noticed Purgy
  1994 | D:3      | Killed Purgy
  2742 | D:4      | Reached skill level 6 in Staves
  2742 | D:4      | Reached XP level 7. HP: 51/59 MP: 6/6
  2913 | D:4      | Reached skill level 5 in Armour
  3604 | D:5      | Entered Level 5 of the Dungeon
  3939 | D:4      | Reached skill level 7 in Staves
  4133 | D:5      | Found a blossoming altar of Fedhas.
  4159 | D:5      | Noticed MirrMurr's ghost (novice DsGl)
  4182 | D:6      | Reached skill level 5 in Fighting
  4182 | D:6      | Reached XP level 8. HP: 64/68 MP: 7/7
  4204 | D:6      | Noticed Eustachio
  4215 | D:6      | Noticed Dowan
  4217 | D:6      | Noticed Duvessa
  4230 | D:6      | Killed Eustachio
  4256 | D:6      | Killed Dowan
  4256 | D:6      | Reached skill level 5 in Dodging
  4282 | D:5      | Mangled by Duvessa

Vault maps used:
D:1:      onia_arrival_pentagram, corexii_leaking_fountain,
          grunt_decor_mini_mirrors
D:2:      gammafunk_temple_overflow_statue, minitemple, first_bread,
          nicolae_ru_awakened_eye, uniq_jessica
D:3:      uniq_terence, uniq_purgy, uniq_grinder
D:5:      minmay_misc_feat_plants, fedhas_altar_4
D:6:      minmay_temple_entry_large_hall, basic_altar, uniq_duvessa,
          uniq_eustachio

Skill      XL: |  1  2  3  4  5  6  7  8 |
---------------+-------------------------+-----
Fighting       | 3 4 5 |  5.1
Armour         | 1 2 3 4 5 6 |  6.0
Staves         | 4 5 6 7 |  7.4
Throwing       | 3 4 |  4.2
Dodging        | 4 5 |  5.0

Action                   |  1- 3 |  4- 6 |  7- 9 || total
-------------------------+-------+-------+-------++-------
Melee: Quarterstaff      |    54 |    88 |    94 ||   236
       Headbutt          |     6 |    15 |    22 ||    43
Throw: Tomahawk          |       |    11 |       ||    11
Evoke: Wand              |       |     4 |       ||     4
  Eat: Chunk             |     1 |     4 |     1 ||     6
       Bread ration      |       |     1 |       ||     1
Armor: Leather armour    |    15 |    10 |       ||    25
       Scale mail        |       |    15 |    62 ||    77
Dodge: Dodged            |    44 |    61 |    79 ||   184
